Map: 썬더버드 - 래더

Players

LiquidTaeJa (TaeJa)

  • Race: Terran Terran
  • League: Master
  • Spawn Location: 11:00

llllllllllll (Oliveira) - Winner!

  • Race: Terran Terran
  • League: Master
  • Spawn Location: 5:00

Event: HomeStory Cup XX

VOD

Have the link to the VOD?

Description

Time

  • Played on: Nov. 21, 2019, 4:54 a.m.
  • Length: 12:22

All games in this series

Show
View Real Time Build Order
Export as new Build Order

LiquidTaeJa Terran 

Build Orders: Reaper Expand 

Get SALT Encoding   

  12  0:00  SCV  
  13  0:12  SCV  
  14  0:17  Supply Depot  
  14  0:25  SCV  
  15  0:38  SCV  
  15  0:39  Barracks  
  16  0:44  Refinery  
  16  0:50  SCV  
  17  1:02  SCV  
  18  1:14  SCV  
  19  1:27  Orbital Command, Reaper  
  20  1:39  Command Center  
  20  1:53  SCV  
  20  1:54  Supply Depot  
  21  1:59  Marine  
  22  2:07  SCV, Bunker  
  23  2:16  Factory  
  23  2:18  Marine  
  23  2:21  SCV  
  25  2:30  Refinery  
  25  2:33  SCV  
  25  2:37  Marine  
  27  2:45  SCV  
  28  2:52  Orbital Command  
  28  2:55  Barracks Reactor  
  28  2:57  SCV  
  29  3:06  Starport, Factory Tech Lab  
  29  3:09  SCV  
  29  3:20  SCV  
  29  3:21  SCV  
  31  3:32  Command Center, SCV  
  31  3:34  SCV  
  33  3:39  Marine x2  
  35  3:43  Barracks  
  35  3:46  SCV  
  35  3:47  SCV  
  37  3:51  Raven  
  39  3:56  Supply Depot  
  39  3:57  Factory Reactor  
  39  3:58  SCV  
  39  4:01  SCV  
  39  4:02  Marine  
  41  4:03  Marine  
  43  4:11  SCV  
  43  4:13  SCV  
  45  4:18  Supply Depot  
  45  4:20  Marine  
  45  4:21  Marine  
  45  4:23  SCV  
  48  4:25  SCV  
  49  4:31  Engineering Bay  
  49  4:34  Engineering Bay  
  49  4:35  SCV  
  49  4:37  SCV  
  51  4:40  Marine x3, Stimpack  
  51  4:44  Orbital Command  
  53  4:46  Factory Tech Lab  
  53  4:47  SCV  
  53  4:49  SCV  
  55  4:53  Refinery  
  55  4:54  Refinery  
  55  4:59  Terran Infantry Weapons Level 1  
  55  5:00  SCV, Terran Infantry Armor Level 1  
  55  5:01  SCV  
  55  5:05  Marine x2  
  55  5:06  Marine  
  60  5:12  SCV x2  
  60  5:13  SCV  
  63  5:19  Supply Depot  
  63  5:21  Medivac x2  
  63  5:24  SCV  
  63  5:25  SCV x2  
  63  5:27  Marine x3  
  73  5:30  Barracks  
  73  5:34  Supply Depot  
  73  5:36  SCV  
  73  5:37  Siege Tank  
  73  5:40  SCV x2  
  73  5:42  Supply Depot x2  
  79  5:48  Marine x3, SCV  
  83  5:51  Supply Depot  
  83  5:52  SCV x2  
  83  5:56  Medivac x2  
  89  6:00  SCV  
  90  6:05  SCV  
  90  6:06  Marine x3  
  90  6:09  Siege Tank  
  90  6:10  SCV  
  98  6:12  Refinery  
  98  6:13  Refinery  
  98  6:17  SCV x2, Armory  
  100  6:22  Barracks x2  
  100  6:24  Barracks Reactor  
  100  6:25  Marine x2  
  100  6:26  Marine  
  100  6:28  SCV  
  100  6:29  SCV  
  105  6:36  SCV  
  105  6:40  Medivac, SCV  
  105  6:41  Medivac, Supply Depot x2, SCV  
  105  6:43  Marine x2  
  113  6:49  SCV  
  113  6:53  Siege Tank  
  117  7:02  Supply Depot, SCV x2  
  117  7:03  Supply Depot, SCV  
  117  7:04  Terran Infantry Weapons Level 2, Supply Depot  
  117  7:08  Supply Depot, Terran Infantry Armor Level 2  
  120  7:10  Marine x2  
  120  7:12  Barracks Reactor x2  
  120  7:15  SCV  
  123  7:16  Marine x2  
  120  7:25  Marine  
  120  7:28  Marine x2  
  121  7:33  SCV x2  
  121  7:34  Marine x2  
  123  7:43  Marine  
  116  7:45  Marine, SCV  
  116  7:46  SCV  
  98  7:56  Marine x2, Combat Shield  
  98  7:58  Marine, SCV x2  
  85  7:59  Marine x2, Siege Tank  
  85  8:01  Marine x2  
  88  8:05  Marine x2  
  88  8:10  SCV x2  
  81  8:13  Marine x2  
  81  8:16  Marine  
  81  8:17  Marine  
  78  8:22  SCV  
  74  8:29  SCV  
  76  8:34  SCV  
  76  8:35  Marine x3  
  76  8:36  Marine x2  
  76  8:41  Marine x4  
  85  8:50  Siege Tank  
  85  8:53  Marine x3  
  85  8:54  Marine  
  85  8:55  Marine  
  93  8:59  Marine x2  
  97  9:02  SCV x2  
  93  9:11  Marine  
  93  9:12  Marine  
  93  9:16  Marine x3  
  93  9:17  Marine x4  
  67  9:19  Medivac x2  
  67  9:20  SCV  
  67  9:22  Siege Tank  
  72  9:30  Orbital Command  
  71  9:32  Marine x2  
  71  9:34  Marine  
  71  9:36  SCV  
  75  9:38  Marine  
  75  9:39  Marine x2  
  75  9:40  Marine  
  75  9:44  Marine x2  
  81  9:49  Medivac x2, SCV  
  81  9:50  Marine x2  
  81  9:52  Marine  
  89  9:58  Marine x2  
  92  10:00  Marine  
  92  10:02  Marine  
  92  10:03  Marine  
  92  10:04  Marine  
  92  10:06  Siege Tank  
  98  10:12  Marine x2  
  96  10:15  Marine  
  96  10:16  Marine x2  
  96  10:18  Marine  
  96  10:20  Marine  
  99  10:29  Marine x2  
  99  10:30  Marine  
  99  10:32  Marine  
  99  10:33  Marine  
  98  10:40  Marine x2  
  93  10:43  SCV x2  
  93  10:45  Marine x2  
  93  10:46  Marine  
  93  10:47  Marine  
  93  10:48  Marine  
  97  10:50  Marine, Medivac x2, Siege Tank  
  97  10:54  Marine  
  106  10:58  Marine x2  
  106  11:02  Marine x2  
  110  11:14  Marine x5  
  115  11:20  Medivac x2  
  115  11:22  Siege Tank  
  115  11:23  Marine x2  
  115  11:25  Marine x2  
  123  11:31  Marine  
  123  11:32  Marine x3  
  129  11:35  Marine  
  128  11:40  Marine  
  128  11:42  Marine  
  128  11:43  Marine  
  81  11:55  Marine x4  
  92  12:03  Marine  
  92  12:04  Marine, SCV  
  92  12:05  SCV  
  96  12:10  Command Center  
Show
View Real Time Build Order
Export as new Build Order

llllllllllll Terran - Winner!

Build Orders:  

Get SALT Encoding   

  12  0:00  SCV  
  13  0:13  SCV  
  14  0:16  Supply Depot  
  14  0:25  SCV  
  15  0:38  SCV  
  15  0:39  Barracks  
  16  0:43  Refinery  
  16  0:50  SCV  
  17  0:59  Barracks  
  17  1:02  SCV  
  18  1:14  SCV  
  19  1:27  Orbital Command, Reaper  
  20  1:33  Supply Depot  
  20  1:46  Reaper  
  21  1:53  SCV  
  22  2:02  Reaper  
  23  2:11  SCV  
  23  2:15  Command Center  
  24  2:20  Refinery  
  24  2:21  Marine  
  25  2:28  SCV  
  25  2:39  Factory  
  25  2:40  SCV  
  26  2:51  Barracks Reactor  
  26  2:52  SCV  
  27  3:04  SCV  
  28  3:09  Command Center  
  28  3:11  Barracks Tech Lab  
  28  3:16  SCV  
  29  3:24  Starport, Factory Tech Lab  
  29  3:29  SCV  
  29  3:32  Orbital Command  
  30  3:40  Marine  
  31  3:41  SCV  
  31  3:44  Cyclone  
  31  3:45  Marine  
  36  3:55  Refinery, SCV  
  37  3:57  Barracks Tech Lab  
  37  3:59  SCV  
  38  4:05  Marine  
  38  4:07  SCV  
  40  4:11  SCV  
  40  4:13  Marine  
  42  4:18  Raven  
  42  4:19  Marine, SCV  
  42  4:22  Orbital Command  
  42  4:23  SCV  
  47  4:24  Marine  
  48  4:31  Marine  
  48  4:32  SCV  
  48  4:33  Stimpack  
  48  4:36  SCV  
  48  4:37  Marine  
  52  4:39  Orbital Command  
  52  4:43  Marine  
  52  4:44  SCV  
  54  4:46  Barracks  
  54  4:48  SCV  
  54  4:50  Siege Tank  
  58  4:54  Supply Depot  
  58  4:55  Marine  
  58  4:56  SCV  
  58  4:59  Marine  
  61  5:04  Supply Depot  
  61  5:09  Starport Reactor  
  61  5:15  Marine x2, SCV x3  
  61  5:17  Supply Depot  
  61  5:19  Engineering Bay  
  61  5:20  Engineering Bay  
  66  5:22  Marine  
  66  5:25  Refinery  
  66  5:27  SCV x3  
  70  5:30  Siege Tank  
  70  5:32  Barracks Reactor  
  73  5:37  Marine  
  73  5:39  SCV  
  73  5:40  Marine, SCV  
  73  5:41  Supply Depot, SCV  
  78  5:43  Marine  
  78  5:48  Terran Infantry Weapons Level 1, Terran Infantry Armor Level 1  
  79  5:52  SCV  
  79  5:53  SCV  
  79  5:54  Supply Depot  
  79  5:56  Marine  
  82  5:58  SCV  
  82  5:59  Marine  
  82  6:03  Marine, Medivac x2  
  88  6:07  SCV x2  
  88  6:10  SCV  
  91  6:12  Supply Depot  
  91  6:16  Supply Depot, Siege Tank  
  91  6:18  Marine  
  95  6:19  SCV  
  95  6:20  Combat Shield  
  95  6:21  Marine  
  95  6:22  SCV  
  95  6:23  SCV  
  95  6:25  Marine  
  99  6:30  Marine  
  101  6:34  Marine  
  101  6:35  Supply Depot, SCV  
  101  6:36  SCV  
  101  6:37  SCV  
  101  6:39  Supply Depot  
  105  6:40  Marine x2  
  105  6:44  Medivac x2  
  105  6:46  Marine  
  112  6:47  SCV  
  112  6:53  SCV  
  114  6:55  Refinery, Supply Depot  
  114  6:56  Refinery, SCV  
  114  6:57  Barracks  
  114  6:58  Barracks  
  114  7:00  Marine  
  116  7:03  Marine x2  
  116  7:06  SCV  
  116  7:07  SCV  
  120  7:12  Marine  
  120  7:14  Armory  
  121  7:17  Marine, Siege Tank  
  121  7:21  Marine, SCV  
  121  7:22  Viking x2  
  131  7:26  Marine  
  128  7:31  SCV  
  128  7:32  SCV  
  125  7:39  SCV  
  125  7:42  Marine  
  125  7:43  SCV  
  107  7:45  Marine  
  107  7:47  Marine  
  105  7:51  SCV  
  105  7:52  Marine x2  
  105  7:53  Viking, Siege Tank  
  105  7:54  Viking  
  105  7:59  SCV  
  105  8:00  Barracks  
  105  8:01  Barracks  
  105  8:03  SCV  
  106  8:07  Marine x2  
  106  8:10  Terran Infantry Weapons Level 2  
  106  8:11  Marine  
  108  8:15  SCV  
  110  8:25  Marine  
  110  8:29  Command Center  
  107  8:37  Supply Depot  
  107  8:38  Marine  
  108  8:42  Barracks Reactor x2  
  108  8:43  Marine x2  
  108  8:45  Siege Tank  
  108  8:46  Medivac  
  115  8:49  Terran Infantry Armor Level 2  
  115  8:51  Medivac  
  115  8:54  SCV  
  115  8:55  SCV  
  119  8:56  Marine x2  
  119  8:59  Marine  
  121  9:06  SCV  
  121  9:07  SCV  
  119  9:11  Marine  
  119  9:15  Marine  
  119  9:16  Marine  
  119  9:17  Marine  
  99  9:18  Marine, Siege Tank  
  99  9:20  Marine  
  99  9:21  Marine, Liberator  
  99  9:22  Marine x2  
  103  9:27  SCV x2  
  103  9:29  Marine  
  106  9:33  Marine  
  106  9:34  Marine x2  
  106  9:37  Marine  
  113  9:41  Orbital Command  
  113  9:43  Marine x2  
  115  9:48  Marine x3  
  118  9:56  Marine x2, Sensor Tower  
  118  9:57  Marine  
  121  10:02  Marine  
  121  10:05  Marine x2  
  124  10:08  Marine  
  124  10:10  Marine  
  126  10:15  Marine  
  126  10:16  Marine  
  126  10:17  Marine x2  
  126  10:19  Siege Tank  
  131  10:21  Marine, Medivac  
  131  10:22  Marine, SCV  
  131  10:24  Command Center  
  131  10:25  SCV  
  131  10:26  Marine  
  131  10:27  Factory, Supply Depot  
  137  10:29  Marine  
  137  10:30  Marine  
  137  10:33  Marine x2  
  141  10:36  Viking  
  141  10:40  SCV  
  140  10:43  Marine  
  140  10:46  Marine x2  
  140  10:47  Marine  
  142  10:50  Supply Depot, SCV  
  142  10:51  Siege Tank  
  142  10:53  Marine  
  142  10:54  Marine x2  
  149  10:58  Marine x2  
  149  11:02  Marine, Medivac  
  154  11:08  Marine  
  148  11:11  Marine  
  148  11:13  Factory Tech Lab  
  148  11:14  Marine, Viking  
  148  11:15  Marine  
  148  11:16  Marine x2  
  155  11:23  Marine x2  
  155  11:25  Marine  
  158  11:26  Marine  
  158  11:29  SCV x2  
  158  11:32  Siege Tank  
  164  11:33  Marine  
  164  11:34  Marine  
  164  11:39  Supply Depot  
  155  11:42  Marine  
  155  11:43  Marine  
  155  11:45  Marine  
  114  11:47  Marine  
  114  11:48  Marine  
  114  11:53  Marine x2  
  114  11:59  Marine x2  
  114  12:00  Marine  
Tags
 
Add a new tag
Caveats
  • Supply blocks, unpowered buildings, or Contaminate may cause inaccurate times.
  • Supply counts are checked every 10 seconds.